 Dungeon Crawl Stone Soup version 0.23-a0-550-g7de1f8e (webtiles) character file.

77 Lavandula the Cutter (level 4, -4/27 HPs)
             Began as a Halfling Enchanter on Dec 9, 2018.
             Slain by a bullfrog (7 damage)
             ... on level 5 of the Dungeon.
             The game lasted 00:05:32 (1111 turns).

Lavandula the Cutter (Halfling Enchanter)           Turns: 1111, Time: 00:05:32

Health: -4/27      AC:  3    Str:  9    XL:     4   Next: 58%
Magic:  2/6        EV: 16    Int: 14    God:
Gold:   63         SH:  0    Dex: 14    Spells: 3/6 levels left

rFire    . . .     SeeInvis .   i - +3 quarterstaff (chaos)
rCold    . . .     Gourm    .   (shield currently unavailable)
rNeg     . . .     Faith    .   b - +0 robe
rPois    .         Spirit   .   (no helmet)
rElec    .         Reflect  .   j - +0 cloak
rCorr    .         Harm     .   (no gloves)
MR       .....                  (no boots)
Stlth    ++........             (no amulet)
HPRegen  0.09/turn              (no ring)
MPRegen  0.10/turn              (no ring)

@: no status effects
A: small, mutation resistance 1
a: no special abilities


You were on level 5 of the Dungeon.
You were very hungry.

You visited 1 branch of the dungeon, and saw 6 of its levels.

You collected 63 gold pieces.

Inventory:

Hand Weapons
 a - a +1 dagger
 i - a +3 quarterstaff of chaos (weapon)
 m - a +2 quarterstaff of crushing
Missiles
 p - 19 sling bullets
Armour
 b - a +0 robe (worn)
 j - a +0 cloak (worn)
Jewellery
 o - an uncursed amulet of guardian spirit
Scrolls
 c - a scroll of fear {unknown}
 e - a scroll of blinking
 f - a scroll of enchant armour {unknown}
 g - a scroll of enchant weapon {unknown}
 h - a scroll of identify {unknown}
 l - a scroll of immolation {unknown}
 n - a scroll of remove curse {unknown}
 q - a scroll of noise {unknown}
 r - a scroll of magic mapping {unknown}
Comestibles
 d - 2 rations


   Skills:
 - Level 3.7 Short Blades
 + Level 3.6 Dodging
 - Level 3.2 Stealth
 - Level 1.5 Spellcasting
 - Level 2.4 Hexes


You had 3 spell levels left.
You knew the following spells:

 Your Spells              Type           Power        Failure   Level  Hunger
a - Corona                Hex            #......      10%         1    ##.....
b - Ensorcelled Hibernat  Hex/Ice        #.....       22%         2    ###....

Your spell library contained the following spells:

 Spells                   Type           Power        Failure   Level  Hunger
 Confuse                  Hex            #.......     28%         3    ####...
 Tukima's Dance           Hex            #.......     28%         3    ####...
 Dazzling Spray           Conj/Hex       #.....       41%         3    ####...


Dungeon Overview and Level Annotations

Branches:
Dungeon (6/15)
 Temple: D:4-7

Altars:


Innate Abilities, Weirdness & Mutations

You are small and have problems with some larger weapons.
You are somewhat resistant to further mutation.


Message History

You climb upwards.
There is a stone staircase leading down here.
Unknown command.
You barely miss the bullfrog. The bullfrog barely misses you.
The bullfrog hits you but does no damage.
You hit the bullfrog.
The bullfrog is lightly wounded.
The bullfrog hits you! The bullfrog barely misses you.
You barely miss the bullfrog.
The bullfrog is lightly wounded.
The bullfrog closely misses you. The bullfrog hits you.
* * * LOW HITPOINT WARNING * * *
You aren't carrying any potions.
You hit the bullfrog.
The bullfrog seems to slow down.
You freeze the bullfrog.
The bullfrog is moderately wounded.
The bullfrog closely misses you.
You closely miss the bullfrog.
The bullfrog is moderately wounded.
The bullfrog hits you!
You die...

...# ..#
... ..#
##.## ...
# #.#
###.##.#
#....F@#
#...#.#.#
#. #.##.#
## #<#
#.# #.#
#.# ..#
###


You could see a bullfrog.

Vanquished Creatures
  Crazy Yiuf (D:2)
  An adder (D:2)
  An ooze (D:1)
  2 worms
  A leopard gecko (D:5)
  A ball python (D:2)
  A giant cockroach (D:2)
  3 goblins (D:2)
  3 hobgoblins
  A jackal (D:1)
  A quokka (D:4)
  4 bats (D:2)
  2 frilled lizards
  5 kobolds
  4 rats
31 creatures vanquished.

Notes
Turn   | Place    | Note
-------+----------+-------------------------------------------
     0 | D:1      | Lavandula the Halfling Enchanter began the quest for the
                  | Orb.
     0 | D:1      | Reached XP level 1. HP: 11/11 MP: 3/3
    39 | D:1      | Reached XP level 2. HP: 17/17 MP: 2/4
   400 | D:2      | Learned a level 2 spell: Ensorcelled Hibernation
   487 | D:2      | Reached XP level 3. HP: 17/21 MP: 1/5
   525 | D:2      | Found a runed door.
   529 | D:2      | Noticed Crazy Yiuf
   535 | D:2      | Killed Crazy Yiuf
   535 | D:2      | Reached XP level 4. HP: 23/27 MP: 3/6
  1055 | D:5      | Entered Level 5 of the Dungeon
  1082 | D:6      | Noticed a wyvern
  1084 | D:6      | Noticed a bullfrog
  1111 | D:5      | Slain by a bullfrog

Vault maps used:
D:1:      nzn_arrival_depleted_hourglass, hangedman_abyss_or_decor_lesser_grid,
          minmay_distorted
D:2:      serial_park_tiny_pond, minmay_lizard_pond, uniq_crazy_yiuf_cottage
D:3:      minmay_overflow_temple_hex
D:4:      elyvilon_altar_4, minmay_overflow_temple_star_hex, lemuel_tele_altar,
          uniq_grinder
D:5:      first_ration, uniq_prince_ribbit1, uniq_edmund
D:6:      kennysheep_six_static_rooms, nicolae_ossuary_entry_catacombs,
          minmay_misc_feat_doors, chequers_serial_rivers_room_b, uniq_eustachio

Skill      XL: |  1  2  3 |
---------------+----------+-----
Short Blades   | 2 3 |  3.7
Dodging        | 3 |  3.6
Stealth        | |  3.2
Spellcasting   | |  1.5
Hexes          | |  2.4

Action                   |  1- 3 |  4- 6 || total
-------------------------+-------+-------++-------
Melee: Dagger            |    71 |       ||    71
       Quarterstaff      |       |    33 ||    33
 Cast: Corona            |     4 |       ||     4
       Ensorcelled Hiber |     3 |     3 ||     6
  Use: Potion            |     1 |     1 ||     2
       Scroll            |       |     1 ||     1
 Stab: Sleeping          |     3 |     5 ||     8
Armor: Robe              |    12 |     4 ||    16
Dodge: Dodged            |    54 |    26 ||    80

Table legend:
 A = Non-vault XP
 B = Vault XP
 C = Vault XP percentage of total XP
 D = Non-vault monster count
 E = Vault monster count
 F = Vault count percentage of total count
                 A         B        C        D         E       F
            +---------+---------+-------+---------+---------+-------
      Total |      69 |      41 |  37.3 |      30 |       1 |   3.2
            +---------+---------+-------+---------+---------+-------
        D:1 |      12 |       0 |   0.0 |       4 |       0 |   0.0
        D:2 |      42 |      41 |  49.4 |      19 |       1 |   5.0
        D:3 |      10 |       0 |   0.0 |       5 |       0 |   0.0
        D:4 |       2 |       0 |   0.0 |       1 |       0 |   0.0
        D:5 |       3 |       0 |   0.0 |       1 |       0 |   0.0
            +---------+---------+-------+---------+---------+-------
